 Dungeon Crawl Stone Soup version 0.27.1-4-g1640c2035a (webtiles) character file.

Game seed: 6310859392378192852

501 tizbic2 the Slasher (level 6, -5/51 HPs)
             Began as a Draconian Monk on Nov 13, 2021.
             Was an Initiate of Dithmenos.
             Splashed by an oklob plant's acid (13 damage)
             ... created by the enmity of Fedhas Madash
             ... on level 5 of the Dungeon on Nov 14, 2021.
             The game lasted 00:23:16 (3658 turns).

tizbic2 the Slasher (Draconian Monk)                Turns: 3658, Time: 00:23:16

Health: -5/51      AC:  2    Str: 14    XL:     6   Next: 95%
Magic:  6/6        EV: 13    Int: 10    God:    Dithmenos [......]
Gold:   204        SH:  4    Dex: 15    Spells: 5/5 levels left

rFire    . . .     SeeInvis .   a - +2 falchion
rCold    . . .     Faith    .   b - +0 buckler
rNeg     . . .     Spirit   .   (armour unavailable)
rPois    .         Reflect  .   (helmet restricted)
rElec    .         Harm     .   (no cloak)
rCorr    .         Rampage  .   (no gloves)
Will     .....                  (no boots)
Stlth    ++........             (no amulet)
HPRegen  0.17/turn              (no ring)
MPRegen  0.10/turn              (no ring)

@: corroded
A: AC +6, unfitting armour, cold-blooded
a: Renounce Religion


You were on level 5 of the Dungeon.
You worshipped Dithmenos.
Dithmenos was noncommittal.
You visited 2 branches of the dungeon, and saw 6 of its levels.

You collected 204 gold pieces.

Inventory:

Hand Weapons
 a - a +2 falchion (weapon)
 w - a +1 short sword of venom
Missiles
 c - 18 poisoned darts
 e - 106 stones (quivered)
Armour
 b - a +0 buckler (worn)
 h - a +0 kite shield
Wands
 g - a wand of flame (7)
Scrolls
 f - 3 scrolls of blinking
 i - a scroll of enchant armour {unknown}
 j - a scroll of identify {unknown}


   Skills:
 - Level 3.4 Fighting
 + Level 2.1(4.2) Short Blades
 * Level 5.8(6.0) Long Blades
 - Level 0.1 Throwing
 + Level 4.1 Dodging
 - Level 2.0 Stealth
 * Level 2.4 Shields
 + Level 0.1 Invocations


You had 5 spell levels left.
You didn't know any spells.
Your spell library contained the following spells:

 Spells                   Type           Power      Damage    Failure   Level
 Summon Small Mammal      Summ           0%         N/A       43%         1
 Call Canine Familiar     Summ           0%         N/A       80%         3
 Summon Guardian Golem    Hex/Summ       0%         N/A       80%         3
 Airstrike                Air            0%         N/A       99%         4
 Summon Lightning Spire   Summ/Air       0%         N/A       99%         4
 Lightning Bolt           Conj/Air       0%         1d11      100%        5


Dungeon Overview and Level Annotations

Branches:
Dungeon (5/15)             Temple (1/1) D:4

Altars:
Cheibriados
Dithmenos
Elyvilon
Fedhas
Gozag
Hepliaklqana
Kikubaaqudgha
Qazlal
Sif Muna
Trog
Vehumet
Xom
The Shining One

Shops:
D:1 ?

Annotations:
D:5 exclusion: 2 oklob plants


Innate Abilities, Weirdness & Mutations

Your plain brown scales are hard. (AC +6)
You cannot fit into any form of body armour.
You are cold-blooded and may be slowed by cold attacks.


Message History

The black bear goes berserk!
The black bear closely misses you. The black bear misses you.
The black bear claws you. You block the black bear's attack. x2
The black bear completely misses you.
You hit the black bear.
The black bear is almost dead.
The black bear misses you. The black bear claws you.
You block the black bear's attack.
You hit the black bear.
You kill the black bear!
Dithmenos accepts your kill.
e - 100 stones (gained 1)
Things that are here:
a +0 club; an orc corpse
Things that are here:
a +0 war axe; an orc corpse
Things that are here:
a +0 short sword; an orc corpse
e - 101 stones (gained 1)
You hear the slow rusting of a very distant drain.
e - 102 stones (gained 1)
You see here 18 poisoned darts.
c - 18 poisoned darts
e - 103 stones (gained 1)
e - 104 stones (gained 1)
e - 105 stones (gained 1)
e - 106 stones (gained 1) Plants grow around you in an ominous manner.
Marking area around 2 oklob plants as unsafe for travelling. 2 oklob plants come into view.
Press: ? - help, v - describe, . - travel The floor.
Marking area around 2 oklob plants as unsafe for travelling.
The oklob plant spits acid at you. The splash of acid hits you!
You are splashed with acid!
The oklob plant spits acid at you. The splash of acid hits you!
* * * LOW HITPOINT WARNING * * *
The acid corrodes you!
You are splashed with acid!
You die...

#.........##......
#.....#.#.#...^...
#.....#.#.........
#..............#
##....###......#
#....# #......#
###### #......#
###########......#
#...@....P.......#
#.#########P.....#
...#...##
###.#...# ........
##.#.#.##. #.#.#..
. #.#.#..#


You could see 2 oklob plants.

Vanquished Creatures
  A sky beast (D:4)
  A black bear (D:5)
  A phantom (D:4)
  A water moccasin skeleton (D:4)
  2 hounds (D:4)
  An iguana (D:4)
  4 adders
  2 adder skeletons (D:4)
  2 dart slugs
  4 orcs
  7 ball pythons
  7 endoplasms
  4 giant cockroaches
  5 hobgoblins
  3 jackals (D:1)
  3 quokkas
  3 bats
  A frilled lizard (D:3)
  7 goblins
  5 kobolds
  4 rats
68 creatures vanquished.

Vanquished Creatures (collateral kills)
  3 ballistomycete spores (D:4)
3 creatures vanquished.

Grand Total: 71 creatures vanquished

Notes
Turn   | Place    | Note
-------+----------+-------------------------------------------
     0 | D:1      | tizbic2 the Draconian Monk began the quest for the Orb.
     0 | D:1      | Reached XP level 1. HP: 19/19 MP: 1/1
   231 | D:1      | Reached XP level 2. HP: 26/26 MP: 2/2
   243 | D:1      | Found Yrail's Magic Scroll Shoppe.
   520 | D:1      | Found a faded altar of an unknown god.
   529 | D:1      | Became a worshipper of Fedhas Madash
   529 | D:1      | Reached * piety under Fedhas
   529 | D:1      | Reached ** piety under Fedhas
   558 | D:1      | Reached XP level 3. HP: 17/31 MP: 3/3
   694 | D:1      | Reached *** piety under Fedhas
  1551 | D:2      | Reached skill level 4 in Long Blades
  1793 | D:3      | Reached XP level 4. HP: 38/38 MP: 2/4
  2129 | D:4      | Noticed a steam dragon
  2316 | D:4      | Reached skill level 1 in Short Blades
  2316 | D:4      | Reached XP level 5. HP: 30/45 MP: 5/5
  2345 | D:4      | Reached skill level 1 in Shields
  2625 | D:4      | Noticed a phantom
  2647 | D:4      | Killed a phantom
  2648 | D:4      | Reached skill level 5 in Long Blades
  2648 | D:4      | Reached XP level 6. HP: 29/51 MP: 6/6
  2952 | D:4      | Noticed a sky beast
  2989 | D:4      | Killed a sky beast
  3156 | D:4      | Found a staircase to the Ecumenical Temple.
  3183 | Temple   | Entered the Ecumenical Temple
  3342 | Temple   | Fell from the grace of Fedhas
  3342 | Temple   | Became a worshipper of Dithmenos the Shadowed
  3517 | D:5      | Entered Level 5 of the Dungeon
  3655 | D:5      | Noticed an oklob plant
  3655 | D:5      | Noticed an oklob plant
  3658 | D:5      | Splashed by an oklob plant's acid

Illustrated notes

Levels and vault maps discovered:
D:1:      amcnicky_arrival_gap_in_the_tavern_cellar, layout_basic,
          basic_ecumenical_altar, serial_shops, nicolae_shop_waterfront
D:2:      layout_loops_corners
D:3:      layout_rooms, chequers_serial_rivers_large_b
D:4:      layout_cave_pools, minmay_temple_entry_slanted,
          kennysheep_small_spiral, grunt_tough_drop
D:5:      layout_basic, gup_sewer_entry_bubbles
Temple:   cyrus_circular_temple

Skill      XL: |  1  2  3  4  5  6 |
---------------+-------------------+-----
Dodging        | 3 4 |  4.1
Long Blades    | 4 5 |  5.8
Stealth        | 2 |  2.0
Short Blades   | 1 2 |  2.1
Shields        | 1 2 |  2.4
Fighting       | |  3.4
Throwing       | |  0.1
Invocations    | |  0.1

Action                   |  1- 3 |  4- 6 || total
-------------------------+-------+-------++-------
Melee: Falchion          |    60 |   110 ||   170
       Tailslap          |    10 |    14 ||    24
       Short sword       |    36 |    24 ||    60
Throw: Stone             |     3 |     7 ||    10
Invok: Wall of Briars    |     1 |       ||     1
       Grow Ballistomyce |       |     1 ||     1
Evoke: Wand              |       |     1 ||     1
  Use: Scroll            |     3 |     2 ||     5
       Potion            |     1 |     2 ||     3
 Stab: Sleeping          |     4 |       ||     4
       Confused          |       |     2 ||     2
Armor: Skin              |    26 |    40 ||    66
Dodge: Dodged            |    71 |    60 ||   131
Block: Kite shield       |       |    41 ||    41
       Buckler           |       |    11 ||    11
       Rpst.: Falchion   |    10 |    11 ||    21
